 Dungeon Crawl Stone Soup version 0.29-a0-824-gd827844252 (webtiles) character file.

Game seed: 13700443175888131084

250 greasedhog the Twirler (level 6, -4/47 HPs)
             Began as a Formicid Fighter on July 9, 2022.
             Killed from afar by Terence (16 damage)
             ... with a bolt of light
             ... on level 3 of the Dungeon.
             The game lasted 00:04:11 (2639 turns).

greasedhog the Twirler (Formicid Fighter)           Turns: 2639, Time: 00:04:11

Health: -4/47      AC: 12    Str: 23    XL:     6   Next: 35%
Magic:  6/6        EV:  7    Int:  7    God:
Gold:   158        SH:  5    Dex: 13    Spells: 5/5 levels left

rFire   . . .      SeeInvis +   a - +0 quarterstaff
rCold   . . .      Faith    .   c - +0 buckler
rNeg    . . .      Spirit   .   o - +0 chain mail
rPois   +          Reflect  .   (helmet unavailable)
rElec   .          Harm     .   h - +1 cloak {rCorr}
rCorr   +          Rampage  .   (no gloves)
Will    .....                   l - +0 pair of boots
Stlth   ..........              (no amulet)
HPRegen 0.15/turn               m - ring of poison resistance
MPRegen 0.10/turn               (no ring)

@: mighty
A: permanent stasis, dig shafts and tunnels, antennae 3, four strong arms
a: Dig, Shaft Self


You were on level 3 of the Dungeon.
You visited 1 branch of the dungeon, and saw 3 of its levels.

You collected 158 gold pieces.

Inventory:

Hand Weapons
 a - a +0 quarterstaff (weapon)
Missiles
 k - 7 boomerangs (quivered)
Armour
 c - a +0 buckler (worn)
 h - a +1 cloak of preservation (worn)
 l - a +0 pair of boots (worn)
 o - a +0 chain mail (worn)
Jewellery
 m - a ring of poison resistance (left hand)
Wands
 n - a wand of charming (8)
 q - a wand of flame (9)
Scrolls
 t - a scroll of amnesia
Potions
 e - 2 potions of degeneration {unknown}
 f - a potion of magic {unknown}
 g - a potion of resistance {unknown}
 i - 2 potions of flight {unknown}
 j - 2 potions of mutation {unknown}
 p - a potion of brilliance {unknown}


   Skills:
 - Level 3.2 Fighting
 * Level 5.7 Staves
 - Level 3.2 Armour
 - Level 4.0 Shields
 + Level 2.2 Evocations


You had 5 spell levels left.
You didn't know any spells.
Your spell library contained the following spells:

 Spells                   Type           Power      Damage    Failure   Level
 Static Discharge         Conj/Air       0%         3-3/arc   100%        2
 Dispel Undead            Necr           0%         3d6       100%        4
 Sticky Flame             Conj/Fire      0%         2d3       100%        4


Dungeon Overview and Level Annotations

Branches:
Dungeon (3/15)

Altars:
Vehumet
Wu Jian

Shops:
D:2 [

Annotations:
D:3 Terence


Innate Abilities, Weirdness & Mutations

You cannot be hasted, slowed, berserked, paralysed or teleported.
You can dig through walls and to a lower floor.
You have a pair of large antennae on your head. (SInv)
Your four strong arms can wield two-handed weapons with a shield.


Message History

Throw: 7 boomerangs
Press: ? - help, Q - select action, (/) - cycle Shift-Dir - straight line, f/p - Terence
Aim: Terence, wielding a +0 trident, wearing a +0 scale mail and carrying a wand of light (8) (lightly wounded, 61% to hit)
You throw a boomerang. The boomerang closely misses Terence.
Terence zaps a wand.
The bolt of light hits you!!
Aiming: Throw Flame
Press: ? - help, Shift-Dir - straight line, f/p - Terence
Aim: Terence, wielding a +0 trident, wearing a +0 scale mail and carrying a wand of light (7) (lightly wounded, 75% to hit)
The puff of flame hits Terence.
Terence is lightly wounded.
Terence zaps a wand.
The bolt of light misses you. Terence hits you with a +0 trident.
You barely miss Terence.
Terence is lightly wounded.
Terence hits you with a +0 trident.
* * * LOW HITPOINT WARNING * * *
You closely miss Terence.
Terence is lightly wounded.
Terence hits you but does no damage.
You feel very mighty all of a sudden. Terence barely misses you.
You sock Terence!
Terence is heavily wounded.
Terence hits you with a +0 trident.
* * * LOW HITPOINT WARNING * * *
Terence drinks a potion.
Terence is healed!
You hit Terence.
Terence is lightly wounded.
Terence hits you with a +0 trident.
* * * LOW HITPOINT WARNING * * *
You closely miss Terence.
Terence is lightly wounded.
You block Terence's attack.
You sock Terence!
Terence is severely wounded.
Terence closely misses you.
You hit Terence.
Terence is severely wounded.
Terence zaps a wand.
The bolt of light hits you!
You die...

##.............#..######
#####.#######....†.....
#.# #..♣.≈.≈.≈≈P†
######.#####.♣≈≈≈≈≈≈....
.....#......♣≈≈≈≈≈≈≈≈.≈P
......######.≈≈.≈≈≈≈.≈PP
....... ####P≈≈≈≈≈.≈≈≈P.
..(....##.(..P≈≈P≈≈P≈≈..
......@@..##.#P#....P...
.......##############...
....... #### .......
....... .....#. #######


You could see Terence.

Vanquished Creatures
  A scorpion (D:3)
  Jessica (D:2)
  Natasha (thrice) (D:3)
  An adder (D:2)
  2 worms (D:2)
  A dart slug (D:3)
  An orc (D:3)
  7 endoplasms
  6 giant cockroaches
  6 goblins
  5 hobgoblins
  2 kobolds
  6 quokkas
  7 ball pythons
  9 bats
  5 frilled lizards
  6 rats
69 creatures vanquished.

Vanquished Creatures (others)
  2 plants (D:3)
2 creatures vanquished.

Grand Total: 71 creatures vanquished

Notes
Turn   | Place    | Note
-------+----------+-------------------------------------------
     0 | D:1      | greasedhog the Formicid Fighter began the quest for the
                  | Orb.
     0 | D:1      | Reached XP level 1. HP: 18/18 MP: 1/1
   173 | D:1      | Reached XP level 2. HP: 14/24 MP: 2/2
   402 | D:1      | Reached skill level 3 in Staves
   578 | D:1      | Reached XP level 3. HP: 29/29 MP: 3/3
  1127 | D:2      | Reached skill level 4 in Staves
  1127 | D:2      | Reached XP level 4. HP: 31/35 MP: 4/4
  1274 | D:2      | Found Piadab's Armour Shop.
  1582 | D:2      | Noticed Jessica
  1596 | D:2      | Killed Jessica
  1832 | D:2      | Found a faded altar of an unknown god.
  1949 | D:3      | Reached XP level 5. HP: 41/41 MP: 5/5
  2216 | D:3      | Reached skill level 5 in Staves
  2216 | D:3      | Reached skill level 1 in Evocations
  2365 | D:3      | Noticed Natasha
  2370 | D:3      | Killed Natasha
  2371 | D:3      | Reached XP level 6. HP: 36/47 MP: 6/6
  2475 | D:3      | Found a radiant altar of Vehumet.
  2488 | D:3      | Found an ornate altar of the Wu Jian Council.
  2558 | D:3      | Noticed Natasha
  2567 | D:3      | Killed Natasha
  2584 | D:3      | Noticed Natasha
  2594 | D:3      | Killed Natasha
  2625 | D:3      | Noticed Terence
  2639 | D:3      | Killed from afar by Terence

Illustrated notes

Levels and vault maps discovered:
D:1:      minmay_arrival_jagged, layout_loops_ring
D:2:      wander_river, layout_rooms, hellmonk_ecumenical_altar_lost_god,
          serial_shops, nicolae_diamond_shop, grunt_ministairs_7,
          lemuel_another_geyser, uniq_jessica
D:3:      layout_rooms, nicolae_overflow_hidden_temple,
          nicolae_wu_jian_immortal_techniques, hangedman_decor_points,
          serial_bayou_pond_b, st_stairs_4, uniq_natasha, uniq_terence

Skill      XL: |  1  2  3  4  5  6 |
---------------+-------------------+-----
Staves         | 3 4 5 |  5.7
Evocations     | 1 2 |  2.2
Fighting       | |  3.2
Armour         | |  3.2
Shields        | |  4.0

Action                   |  1- 3 |  4- 6 || total
-------------------------+-------+-------++-------
Melee: Quarterstaff      |   112 |   120 ||   232
Throw: Boomerang         |       |     5 ||     5
Evoke: Wand              |       |     1 ||     1
  Use: Scroll            |       |     5 ||     5
       Potion            |       |     1 ||     1
Armor: Scale mail        |    62 |    35 ||    97
       Chain mail        |       |     4 ||     4
Dodge: Dodged            |    51 |    48 ||    99
Block: Buckler           |    22 |    21 ||    43

Table legend: (Time is in decaauts)
 A = Elapsed time spent in this place.
 B = Non-inter-level travel time spent in this place.
 C = Inter-level travel time spent in this place.
 D = Time resting spent in this place.
 E = Time spent auto-exploring this place.
 F = Levels seen in this place.
 G = Mean time per level.
                   A        B        C        D        E       F      G
               +--------+--------+--------+--------+--------+-----+--------+
         Total |   2698 |   2655 |     43 |      3 |   2050 |   3 |  899.3 |
       Dungeon |   2698 |   2655 |     43 |      3 |   2050 |   3 |  899.3 |
               +--------+--------+--------+--------+--------+-----+--------+

Top non-repeatable levels by time:
     D:1: 1036 daAuts
     D:2: 911 daAuts
     D:3: 750 daAuts
